Map: Vaani Research Station (Void)

Players

fropez - Winner!

  • Race: Protoss Protoss
  • League: Gold
  • Spawn Location: 12:00

Element

  • Race: Terran Terran
  • League: Platinum
  • Spawn Location: 6:00

VOD

Have the link to the VOD?

Description

Time

  • Played on: Dec. 13, 2016, 4:10 p.m.
  • Length: 30:04
Show
View Real Time Build Order
Export as new Build Order

fropez Protoss - Winner!

Build Orders: 1 Gate Expand, Oracle Opening 

Get SALT Encoding   

  12  0:01  Probe (Chrono Boost)  
  13  0:11  Probe (Chrono Boost)  
  14  0:17  Pylon  
  14  0:22  Probe (Chrono Boost)  
  15  0:36  Probe (Chrono Boost)  
  15  0:39  Gateway  
  16  0:46  Probe (Chrono Boost)  
  16  0:48  Assimilator  
  18  0:57  Probe (Chrono Boost)  
  18  1:11  Probe (Chrono Boost)  
  19  1:17  Assimilator  
  19  1:21  Probe (Chrono Boost)  
  20  1:34  Probe (Chrono Boost)  
  20  1:36  Nexus  
  21  1:44  Probe (Chrono Boost)  
  22  1:51  Cybernetics Core  
  22  1:55  Probe (Chrono Boost)  
  23  2:04  Pylon  
  23  2:22  Probe (Chrono Boost)  
  23  2:25  Pylon  
  23  2:33  Stargate  
  23  2:34  Mothership Core (Chrono Boost)  
  25  2:43  Warp Gate  
  25  2:50  Stalker  
  27  2:53  Probe (Chrono Boost)  
  27  2:58  Probe (Chrono Boost), Assimilator x2  
  29  3:03  Pylon, Probe (Chrono Boost)  
  30  3:12  Probe (Chrono Boost)  
  31  3:13  Oracle  
  34  3:25  Probe (Chrono Boost)  
  35  3:33  Probe (Chrono Boost)  
  36  3:37  Probe (Chrono Boost)  
  37  3:45  Probe (Chrono Boost)  
  38  3:50  Probe (Chrono Boost)  
  38  3:51  Assimilator  
  38  3:53  Oracle  
  38  3:59  Probe (Chrono Boost)  
  38  4:00  Stalker  
  44  4:10  Gateway  
  44  4:12  Gateway  
  44  4:13  Probe (Chrono Boost)  
  45  4:21  Probe (Chrono Boost)  
  45  4:23  Protoss Air Weapons Level 1  
  46  4:26  Probe (Chrono Boost)  
  47  4:42  Probe x2 (Chrono Boost)  
  49  4:46  Pylon  
  50  4:54  Probe (Chrono Boost)  
  50  4:55  Probe (Chrono Boost)  
  50  4:58  Gateway  
  50  4:59  Pylon, Stalker  
  53  5:01  Void Ray  
  53  5:06  Probe (Chrono Boost)  
  58  5:19  Nexus  
  59  5:37  Probe (Chrono Boost)  
  59  5:40  Void Ray  
  59  5:45  Probe (Chrono Boost)  
  64  5:58  Adept x3  
  64  6:00  Stargate  
  64  6:03  Pylon  
  70  6:06  Protoss Air Armor Level 1  
  70  6:11  Pylon  
  70  6:16  Twilight Council  
  70  6:20  Pylon  
  70  6:21  Void Ray  
  70  6:23  Probe x2 (Chrono Boost)  
  72  6:31  Stalker x2  
  78  6:35  Probe x2 (Chrono Boost)  
  78  6:38  Pylon  
  80  6:46  Void Ray  
  86  6:47  Probe x2 (Chrono Boost)  
  86  6:53  Adept  
  88  6:59  Probe x2 (Chrono Boost)  
  88  7:00  Pylon  
  90  7:02  Probe (Chrono Boost)  
  85  7:11  Void Ray  
  75  7:38  Adept x3  
  78  8:10  Probe x2 (Chrono Boost)  
  80  8:30  Void Ray  
  76  8:36  Void Ray  
  76  8:38  Adept  
  86  8:44  Nexus  
  86  8:46  Assimilator  
  86  8:51  Assimilator  
  86  8:52  Pylon  
  86  8:55  Pylon  
  86  8:58  Pylon  
  86  9:02  Pylon, Resonating Glaives  
  86  9:05  Pylon  
  86  9:14  Probe (Chrono Boost)  
  86  9:15  Probe (Chrono Boost)  
  85  9:34  Probe x2 (Chrono Boost)  
  87  9:44  Void Ray  
  87  9:45  Void Ray  
  91  9:46  Probe x2 (Chrono Boost)  
  91  9:49  Robotics Facility  
  91  9:51  Dark Shrine  
  91  9:54  Pylon  
  91  9:55  Pylon  
  91  9:58  Probe x2 (Chrono Boost)  
  93  10:10  Probe (Chrono Boost)  
  93  10:11  Fleet Beacon  
  93  10:13  Gateway  
  95  10:14  Probe (Chrono Boost)  
  95  10:16  Probe (Chrono Boost)  
  95  10:19  Gateway x2  
  95  10:20  Pylon  
  97  10:22  Probe (Chrono Boost), Gateway  
  97  10:23  Gateway  
  97  10:25  Probe (Chrono Boost)  
  98  10:29  Void Ray x2  
  98  10:34  Adept x3  
  112  10:35  Observer  
  112  10:40  Nexus  
  113  10:45  Gateway  
  113  10:46  Probe x2 (Chrono Boost)  
  115  10:51  Warp Prism  
  117  11:03  Adept x2  
  117  11:04  Adept  
  123  11:05  Probe (Chrono Boost)  
  123  11:06  Probe x2 (Chrono Boost)  
  132  11:21  Void Ray x2  
  132  11:33  Observer  
  131  11:52  Dark Templar x2  
  131  12:15  Forge  
  131  12:17  Adept x5  
  131  12:18  Adept x2, Pylon  
  131  12:19  Observer  
  146  12:43  Protoss Ground Weapons Level 1  
  131  12:55  Photon Cannon x2  
  129  13:02  Photon Cannon  
  129  13:10  Probe (Chrono Boost)  
  129  13:11  Probe x3 (Chrono Boost)  
  131  13:15  Pylon  
  131  13:18  Pylon  
  131  13:21  Pylon  
  131  13:23  Probe (Chrono Boost)  
  131  13:24  Assimilator  
  132  13:29  Assimilator  
  132  13:31  Pylon  
  132  13:33  Pylon, Probe (Chrono Boost)  
  135  13:34  Probe x2 (Chrono Boost)  
  132  13:45  Stargate  
  132  13:46  Pylon, Probe (Chrono Boost)  
  132  13:48  Probe x3 (Chrono Boost)  
  136  13:51  Adept  
  136  13:52  Adept x7  
  136  13:53  Adept  
  135  14:39  Dark Templar x2  
  135  14:40  Dark Templar x7  
  113  16:00  Probe (Chrono Boost)  
  113  16:01  Probe x3 (Chrono Boost)  
  109  16:08  Observer  
  109  16:10  Probe (Chrono Boost)  
  107  16:11  Carrier x2  
  107  16:12  Carrier  
  107  16:13  Probe x3 (Chrono Boost)  
  123  16:21  Probe (Chrono Boost), Photon Cannon  
  123  16:24  Photon Cannon  
  123  16:25  Probe (Chrono Boost)  
  124  16:27  Photon Cannon  
  114  16:56  Nexus  
  114  16:57  Probe x2 (Chrono Boost)  
  114  16:59  Assimilator  
  115  17:13  Pylon  
  115  17:25  Probe x2 (Chrono Boost)  
  117  17:58  Photon Cannon  
  81  18:20  Pylon  
  81  18:26  Pylon  
  73  18:27  Assimilator  
  73  18:30  Pylon  
  73  18:33  Dark Templar  
  75  18:34  Dark Templar  
  75  18:36  Dark Templar  
  73  18:50  Stalker x5  
  77  18:58  Photon Cannon  
  77  19:02  Probe x2 (Chrono Boost), Photon Cannon  
  79  19:03  Probe (Chrono Boost)  
  79  19:04  Probe (Chrono Boost)  
  81  19:12  Dark Templar x2  
  85  19:31  Templar Archives  
  85  19:45  Protoss Shields Level 1  
  85  19:51  Nexus  
  85  19:53  Pylon  
  85  19:55  Pylon  
  85  19:58  Assimilator  
  85  20:03  Observer  
  85  20:04  Assimilator  
  86  20:08  Pylon  
  86  20:12  Pylon  
  86  20:18  Dark Templar x3  
  86  20:19  Dark Templar  
  94  20:21  Observer  
  94  20:27  Probe x2 (Chrono Boost)  
  97  20:36  Probe (Chrono Boost)  
  97  20:38  Nexus, Probe (Chrono Boost)  
  97  20:39  Probe x2 (Chrono Boost)  
  97  20:40  Pylon, Observer  
  97  20:42  High Templar x4  
  107  20:43  High Templar, Pylon  
  112  20:51  Gateway  
  112  20:57  Carrier  
  112  20:59  Observer  
  119  21:06  Photon Cannon  
  119  21:09  Photon Cannon  
  119  21:13  Probe x2 (Chrono Boost), Photon Cannon  
  121  21:25  Dark Templar x4  
  123  21:35  High Templar x2  
  123  21:36  High Templar x3  
  123  21:37  Archon x2  
  129  22:00  High Templar  
  129  22:01  High Templar x3  
  137  22:02  Archon x2  
  137  22:04  Archon  
  137  22:05  Archon  
  137  22:09  Dark Templar x2  
  134  22:36  Carrier x3  
  136  22:37  Protoss Air Weapons Level 2  
  139  23:08  Observer  
  140  23:13  Charge  
  140  23:22  Zealot x6  
  140  23:23  Zealot x3  
  140  23:26  Observer  
  158  23:30  Probe (Chrono Boost)  
  158  23:31  Probe x3 (Chrono Boost)  
  159  23:43  Probe (Chrono Boost)  
  159  23:45  Observer  
  160  24:03  Observer  
  160  24:04  Stalker  
  160  24:05  Stalker x3  
  160  24:08  Probe (Chrono Boost)  
  160  24:09  Probe x3 (Chrono Boost)  
  173  24:22  Observer  
  173  24:23  Nexus  
  173  24:30  Photon Cannon  
  172  24:33  Photon Cannon  
  172  24:35  Photon Cannon  
  172  24:38  Pylon  
  172  24:41  Pylon  
  170  25:02  Gateway  
  170  25:04  Photon Cannon  
  170  25:06  Photon Cannon  
  170  25:08  Photon Cannon  
  170  25:10  Photon Cannon  
  170  25:12  Photon Cannon  
  170  25:13  Blink  
  170  25:14  Photon Cannon  
  170  25:16  Assimilator  
  170  25:17  Protoss Shields Level 2  
  170  25:21  Pylon  
  170  25:23  Pylon  
  170  25:27  Psionic Storm  
  170  25:31  Zealot x4  
  170  25:32  Zealot x4  
  186  25:42  Zealot  
  171  25:43  Probe (Chrono Boost)  
  171  25:45  Probe x3 (Chrono Boost)  
  171  25:47  Probe (Chrono Boost)  
  177  25:57  Probe (Chrono Boost)  
  177  26:10  Protoss Air Weapons Level 3, Dark Templar  
  179  26:11  Zealot x3  
  179  26:15  Pylon  
  179  26:16  Carrier x2  
  185  26:22  Pylon  
  182  26:27  Carrier, Pylon  
  199  26:38  Observer  
  198  26:55  Photon Cannon  
  198  27:04  Pylon  
  198  27:08  Pylon, Stalker x2  
  160  27:57  Zealot x6  
  160  27:58  Zealot x4  
  173  27:59  Carrier x2  
  173  28:10  Carrier  
  190  29:03  Dark Templar x2  
  190  29:04  Dark Templar  
  190  29:06  Zealot x2  
  196  29:42  Stalker x2  
  196  29:47  Pylon  
  196  29:48  Photon Cannon  
  196  29:50  Photon Cannon  
  196  29:54  Photon Cannon  
  196  29:57  Pylon  
  196  29:58  Photon Cannon  
  196  30:01  Pylon  
  196  30:02  Photon Cannon  
Show
View Real Time Build Order
Export as new Build Order

Element Terran 

Build Orders:  

Get SALT Encoding   

  12  0:03  SCV  
  13  0:16  SCV  
  14  0:24  Supply Depot  
  14  0:28  SCV  
  15  0:29  Refinery  
  15  0:45  SCV  
  16  0:50  Barracks  
  16  0:57  Refinery  
  16  0:58  SCV  
  17  1:10  SCV  
  18  1:12  Supply Depot  
  18  1:22  SCV  
  19  1:34  SCV  
  19  1:38  Supply Depot  
  20  1:41  Reaper  
  21  1:51  Orbital Command  
  21  2:16  Marine  
  22  2:31  Factory  
  22  2:34  Barracks Reactor  
  22  2:38  SCV  
  23  2:50  SCV  
  24  2:53  Factory  
  24  3:01  Engineering Bay  
  24  3:03  SCV  
  25  3:25  Supply Depot, Barracks Tech Lab  
  25  3:26  SCV  
  26  3:38  Missile Turret  
  26  3:46  Factory Tech Lab  
  28  3:55  Cyclone  
  28  3:56  Cyclone  
  28  3:57  Marine  
  28  3:58  Combat Shields  
  28  4:01  SCV  
  33  4:15  Armory  
  33  4:19  Command Center  
  33  4:23  SCV  
  33  4:41  Marine  
  33  4:43  Cyclone  
  37  4:46  Cyclone  
  37  4:48  SCV  
  41  5:01  Marine  
  41  5:04  Supply Depot  
  42  5:11  Missile Turret  
  42  5:15  Terran Vehicle And Ship Armor Level 1  
  42  5:17  SCV  
  43  5:27  Barracks Reactor  
  43  5:30  Cyclone  
  46  5:39  Orbital Command  
  46  5:44  SCV  
  46  5:49  Cyclone  
  50  5:58  Cyclone  
  50  6:02  Cyclone  
  56  6:05  Terran Infantry Armor Level 1  
  56  6:07  Marine x2  
  58  6:18  SCV x2  
  60  6:25  Cyclone  
  62  6:41  Marine x2  
  62  6:43  Cyclone  
  62  6:45  Hellbat  
  69  6:47  SCV  
  69  6:50  Refinery  
  70  6:56  Supply Depot  
  70  7:11  SCV  
  70  7:12  Marine  
  70  7:17  Marine, SCV  
  70  7:18  Supply Depot  
  67  7:23  SCV  
  49  7:32  Widow Mine x3  
  49  7:35  Drilling Claws  
  52  7:42  Supply Depot  
  52  7:43  Marine, Missile Turret  
  52  7:44  Marine, Missile Turret  
  54  7:46  Missile Turret  
  54  8:01  Widow Mine x3  
  54  8:04  Supply Depot  
  50  8:38  Widow Mine x2  
  50  8:39  Widow Mine  
  56  8:50  Terran Vehicle And Ship Armor Level 2  
  56  8:53  SCV  
  57  8:59  Refinery  
  54  9:56  SCV x2  
  56  10:02  Command Center  
  56  10:03  Refinery  
  56  10:04  Refinery  
  56  10:05  Missile Turret  
  56  10:08  SCV x2  
  56  10:11  Widow Mine x2  
  64  10:20  SCV x2  
  64  10:29  Starport  
  64  10:31  Barracks Reactor  
  64  10:32  Starport, Terran Infantry Armor Level 2, SCV  
  64  10:33  SCV  
  64  10:35  Widow Mine x2  
  66  10:39  Widow Mine  
  72  10:44  SCV  
  72  10:46  SCV  
  74  10:56  SCV  
  75  10:58  SCV  
  75  11:03  Widow Mine x2  
  78  11:07  Widow Mine  
  78  11:08  SCV, Widow Mine  
  78  11:10  SCV  
  86  11:15  Marine x2  
  88  11:20  SCV  
  88  11:23  Orbital Command  
  89  11:26  SCV  
  89  11:32  SCV, Widow Mine x2  
  93  11:38  SCV  
  96  11:55  Widow Mine x2  
  96  12:00  Widow Mine x2  
  104  12:03  Marine x2  
  106  12:11  Starport Reactor  
  106  12:16  Terran Vehicle And Ship Armor Level 3  
  106  12:24  Widow Mine  
  108  12:36  Widow Mine  
  108  12:37  Widow Mine  
  108  12:41  Widow Mine  
  109  12:48  Terran Infantry Weapons Level 1  
  107  12:52  Widow Mine  
  107  13:03  SCV  
  107  13:04  SCV x2  
  108  13:07  Marine  
  108  13:12  Supply Depot  
  109  13:14  Widow Mine  
  109  13:15  Viking x3  
  109  13:16  Supply Depot  
  109  13:18  Supply Depot  
  109  13:19  Marine, SCV x3, Widow Mine x2  
  125  13:33  Marine, Widow Mine  
  125  13:34  SCV x3  
  131  13:37  Marine  
  132  13:43  Widow Mine  
  132  13:45  Viking x2  
  132  13:47  Widow Mine x2  
  132  13:48  Command Center  
  140  13:51  Marine  
  140  13:55  Marine  
  142  14:02  Widow Mine  
  144  14:09  Marine  
  145  14:11  Widow Mine  
  145  14:12  Marine  
  148  14:17  Widow Mine  
  148  14:20  Widow Mine  
  149  14:27  Marine  
  149  14:30  Marine, Widow Mine  
  149  14:43  Supply Depot  
  149  14:50  Marine  
  149  14:51  Widow Mine x2  
  149  14:52  Widow Mine  
  149  14:57  Orbital Command  
  149  14:59  Widow Mine  
  142  15:06  Supply Depot  
  142  15:11  Orbital Command  
  142  15:27  Widow Mine  
  107  16:01  Missile Turret  
  99  16:06  Widow Mine x4  
  105  16:18  SCV x2  
  106  16:30  SCV x2  
  108  16:34  Widow Mine  
  110  16:42  SCV x2  
  112  16:47  Widow Mine x3  
  112  16:51  Marine x2  
  112  16:53  Viking  
  122  16:54  SCV, Viking x2  
  127  17:03  Widow Mine  
  127  17:06  Planetary Fortress  
  125  17:09  Marine x2  
  125  17:12  SCV  
  125  17:13  SCV  
  127  17:15  Widow Mine  
  127  17:16  Widow Mine x2  
  133  17:23  Viking  
  133  17:24  SCV, Viking x2  
  133  17:25  SCV  
  141  17:38  Terran Ship Weapons Level 1  
  141  17:40  Terran Infantry Weapons Level 2  
  141  17:45  Missile Turret  
  141  17:55  SCV  
  141  17:56  Marine  
  141  18:02  Marine  
  141  18:04  Widow Mine  
  140  18:14  Marine  
  140  18:19  Viking  
  141  18:21  Marine  
  140  18:28  Widow Mine  
  140  18:34  Marine  
  141  18:41  Marine, Widow Mine x2  
  141  18:43  Viking  
  141  18:44  Widow Mine  
  141  18:45  Viking  
  134  18:49  Viking  
  134  18:52  Marine  
  137  18:56  Widow Mine  
  137  18:59  Marine  
  137  19:02  Refinery  
  140  19:03  SCV  
  141  19:13  Supply Depot  
  141  19:16  Command Center  
  141  19:29  Refinery  
  141  19:33  Missile Turret  
  141  19:35  Marine x2, SCV x2, Viking x2  
  149  19:44  Supply Depot  
  149  19:49  Supply Depot  
  149  19:53  Widow Mine  
  149  19:54  Marine x2, SCV x2, Viking  
  157  20:05  Widow Mine x3  
  157  20:06  SCV x2  
  165  20:07  Terran Ship Weapons Level 2  
  165  20:10  SCV, Viking x2  
  165  20:12  Marine  
  171  20:15  Marine  
  171  20:18  SCV  
  173  20:27  Supply Depot, Widow Mine  
  173  20:28  SCV x2  
  177  20:29  Marine  
  177  20:30  SCV  
  177  20:31  Orbital Command  
  177  20:34  Widow Mine x3  
  185  20:40  SCV x2  
  185  20:42  SCV  
  188  20:48  Marine, Viking  
  191  20:52  SCV x2  
  191  20:54  SCV  
  191  20:56  Widow Mine  
  196  20:57  SCV  
  196  21:02  Widow Mine  
  199  21:04  SCV  
  199  21:08  Missile Turret  
  200  21:11  Command Center  
  198  22:20  Marine x2  
  164  22:43  Viking x3  
  170  22:48  SCV x3  
  170  22:49  SCV  
  174  22:53  Refinery  
  174  23:26  Command Center  
  158  24:05  Viking  
  158  24:06  Viking  
  158  24:07  Viking  
  164  24:15  Missile Turret  
  164  24:21  Refinery  
  162  24:32  Planetary Fortress  
  162  24:34  Missile Turret  
  162  24:39  Marine x2  
  162  24:43  Planetary Fortress  
  161  24:54  Missile Turret  
  161  24:57  Marine  
  162  25:03  Widow Mine x4  
  162  25:05  Viking x3  
  162  25:06  Terran Infantry Weapons Level 3  
  176  25:07  Terran Ship Weapons Level 3  
  176  25:08  Marine  
  177  25:15  Marine  
  177  25:21  SCV x3  
  181  25:23  SCV x2  
  181  25:26  Marine  
  184  25:31  Widow Mine  
  184  25:32  Widow Mine x3  
  184  25:33  Marine, SCV  
  184  25:35  Viking x3  
  188  25:44  Marine  
  189  25:50  Marine  
  190  26:00  Widow Mine x4  
  190  26:02  Marine  
  190  26:03  Refinery  
  199  26:06  SCV  
  199  26:30  Refinery  
  199  26:32  Refinery  
  127  27:55  Widow Mine  
  127  27:56  Widow Mine x3  
  124  28:02  Marine x2  
  124  28:04  Viking x3  
  132  28:07  SCV x3  
  132  28:08  SCV  
  136  28:19  SCV  
  137  28:20  Marine x2  
  137  28:24  Widow Mine x4  
  147  28:31  SCV  
  147  28:33  Viking  
  147  28:34  Viking x2  
  147  28:35  Missile Turret  
  147  28:36  Missile Turret  
  147  28:37  Marine  
  147  28:38  Marine  
  147  28:39  Missile Turret  
  149  28:43  SCV  
  146  28:53  Widow Mine x4  
  148  28:55  Marine x2  
  144  29:05  Viking x3  
  150  29:13  Marine x2  
  152  29:21  Widow Mine x4, Missile Turret  
  160  29:31  Marine x2  
Tags
 
Add a new tag
Caveats
  • Supply blocks, unpowered buildings, or Contaminate may cause inaccurate times.
  • Supply counts are checked every 10 seconds.